 Dungeon Crawl Stone Soup version 0.31-a0-210-gccc998df9b (webtiles) character file.

Game seed: 7555044331554990551

96 Ijustatesigmund the Stinger (level 4, -1/28 HPs)
             Began as an Octopode Venom Mage on June 29, 2023.
             Slain by a phantom (5 damage)
             ... on level 3 of the Dungeon on June 30, 2023.
             The game lasted 00:06:23 (2610 turns).

Ijustatesigmund the Stinger (Octopode Venom Mage)   Turns: 2610, Time: 00:06:24

Health: -1/28      AC:  1    Str:  7    XL:     4   Next: 67%
Magic:  6/8        EV: 13    Int: 19    God:
Gold:   182        SH:  0    Dex: 12    Spells: 2/8 levels left

rFire   . . .        c - +0 hand axe
rCold   . . .        (no shield)
rNeg    . . .        (helmet restricted)
rPois   .            (no amulet)
rElec   .            (no ring)
rCorr   .            (no ring)
SInv    .            (no ring)
Will    .....        (no ring)
Stlth   +++          (no ring)
HPRegen 0.24/turn    (no ring)
MPRegen 0.11/turn    (no ring)
                     (no ring)

%: no passive effects
@: no status effects
A: almost no armour, amphibious, 8 rings, camouflage 1, gelatinous body 1,
(nimble swimmer 1), tentacles
a: no special abilities


You were on level 3 of the Dungeon.
You visited 1 branch of the dungeon, and saw 3 of its levels.

You collected 182 gold pieces.

Inventory:

Hand Weapons
 c - a +0 hand axe (weapon)
Missiles
 j - 6 curare-tipped darts (quivered)
Jewellery
 f - an amulet of faith
Scrolls
 d - a scroll of amnesia
 i - a scroll of poison {unknown}
 k - a scroll of identify
 l - a scroll of brand weapon {unknown}
Potions
 a - 2 potions of magic
 b - a potion of mutation
 g - 2 potions of ambrosia


   Skills:
 - Level 1.1 Fighting
 - Level 2.0 Dodging
 - Level 2.6 Stealth
 + Level 2.8 Spellcasting
 + Level 1.3 Conjurations
 - Level 1.0 Transmutations
 + Level 1.6 Air Magic
 + Level 4.4 Poison Magic


You had 2 spell levels left.
You knew the following spells:

 Your Spells              Type           Power      Damage    Failure   Level
a - Magic Dart            Conj           28%        1d4       9%          1
b - Poisonous Vapours     Pois/Air       28%        N/A       7%          2
c - Mephitic Cloud        Conj/Pois/Air  12%        N/A       17%         3

Your spell library contained the following spells:

 Spells                   Type           Power      Damage    Failure   Level
 Sting                    Tmut/Pois      52%        1d5       4%          1
 Call Imp                 Summ           4%         N/A       24%         2
 Lesser Beckoning         Tloc           4%         N/A       24%         2
 Olgreb's Toxic Radiance  Pois           19%        N/A       24%         4
 Gell's Gravitas          Tloc           2%         N/A       43%         3
 Teleport Other           Tloc           2%         N/A       43%         3
 Iskenderun's Battlesphe  Conj           7%         2d6       94%         5
 Leda's Unmaking          Conj/Erth      2%         9d1       100%        6
 Spellforged Servitor     Conj/Summ      2%         N/A       100%        7


Dungeon Overview and Level Annotations

Branches:
Dungeon (3/15)

Altars:
Ashenzari
Gozag


Innate Abilities, Weirdness & Mutations

You cannot wear most types of armour.
You are amphibious.
You can wear up to eight rings at the same time.
Your skin changes colour to match your surroundings (Stealth+).
Your rubbery body absorbs attacks. (AC +1, EV +1)
((You are camouflaged when in or above water. (Stealth+)))
You have tentacles for arms and can constrict up to eight enemies at once.


Message History

You feel less wooden. The phantom hits you.
* * * LOW HITPOINT WARNING * * *
You hit the phantom. Your squeeze misses the phantom.
The phantom is almost destroyed.
The phantom barely misses you.
You barely miss the phantom.
The phantom is almost destroyed.
The phantom hits you.
* * * LOW HITPOINT WARNING * * *
The phantom closely misses you.
You closely miss the phantom. Your squeeze misses the phantom.
The phantom is almost destroyed.
The phantom hits you but does no damage.
Casting: Poisonous Vapours (safe; 7% risk of failure)
Confirm with . or Enter, or press ? or * to list all spells.
Aiming: Magic Dart (safe; 9% risk of failure)
Press: ? - help, Shift-Dir - straight line, f/p - phantom
Aim: a phantom (almost destroyed, 100% to hit)
The magic dart hits the phantom.
The phantom is almost destroyed.
The phantom hits you.
* * * LOW HITPOINT WARNING * * *
The phantom blinks!
You blink.
Casting: Magic Dart (safe; 9% risk of failure)
Confirm with . or Enter, or press ? or * to list all spells.
Aiming: Magic Dart (safe; 9% risk of failure)
Press: ? - help, Shift-Dir - straight line, f/p - phantom
Aim: a phantom (almost destroyed, 100% to hit)
The magic dart hits the phantom but does no damage.
The phantom is almost destroyed.
The phantom barely misses you.
Unknown command.
You barely miss the phantom. You squeeze the phantom.
The phantom is almost destroyed.
The phantom barely misses you.
You closely miss the phantom.
The phantom is almost destroyed.
The phantom hits you.
You die...

###...######## ##
#............#
#.#...######.# #.##.##
#.# #.##.# ##.##
*######.##.######...##
*..#??#.##........#..#
##...,#W#########....#
*FW.,##@# ##.#.#
##.#,#..# #.#.###
#..####.#********#.#....
#'##.#..#,,,,,,,,..#####
#.......#********##*
#########


You could see a phantom.

Vanquished Creatures
  Robin (D:2)
  2 adders
  A worm (D:2)
  2 dart slugs
  An orc (D:3)
  7 ball pythons
  3 bats
  4 endoplasms
  13 goblins
  7 hobgoblins
  3 kobolds
  2 quokkas
  2 frilled lizards
  4 rats
52 creatures vanquished.

Notes
Turn   | Place    | Note
-------+----------+-------------------------------------------
     0 | D:1      | Ijustatesigmund the Octopode Venom Mage began the quest for
                  | the Orb.
     0 | D:1      | Reached XP level 1. HP: 11/11 MP: 3/3
   276 | D:1      | Reached XP level 2. HP: 6/18 MP: 1/5
   431 | D:1      | Learned a level 2 spell: Poisonous Vapours
   602 | D:1      | Reached skill level 1 in Fighting
   810 | D:1      | Reached skill level 4 in Poison Magic
   959 | D:2      | Learned a level 1 spell: Magic Dart
  1033 | D:2      | Noticed Robin
  1051 | D:2      | Reached XP level 3. HP: 23/23 MP: 6/6
  1059 | D:2      | Learned a level 3 spell: Mephitic Cloud
  1175 | D:2      | Killed Robin
  1176 | D:2      | Reached skill level 1 in Air Magic
  1314 | D:2      | Reached skill level 1 in Conjurations
  1399 | D:2      | Reached XP level 4. HP: 17/28 MP: 7/7
  2100 | D:3      | Found a broken altar of Ashenzari.
  2261 | D:3      | Found an opulent altar of Gozag.
  2544 | D:3      | Noticed a phantom
  2544 | D:3      | Noticed a bullfrog
  2610 | D:3      | Slain by a phantom

Illustrated notes

Levels and vault maps discovered:
D:1:      dpeg_arrival_orchard, layout_rooms, chequers_serial_rivers_room_a
D:2:      layout_basic, uniq_robin
D:3:      minmay_wonky_spiral, layout_loops_ring, cheibrodos_ashenzari_chains,
          mainiacjoe_overflow_tiny_flanked, corexii_hall_statues_i

Skill      XL: |  1  2  3 |
---------------+----------+-----
Fighting       | 1 |  1.1
Poison Magic   | 4 |  4.4
Air Magic      | 1 |  1.6
Conjurations   | 1 |  1.3
Dodging        | |  2.0
Stealth        | |  2.6
Spellcasting   | |  2.8
Transmutations | |  1.0

Action                     |  1- 3 |  4- 6 || total
---------------------------+-------+-------++-------
  Melee: Unarmed           |    10 |       ||    10
         Constrict         |    17 |     6 ||    23
         Tentacles         |    17 |     7 ||    24
         Hand axe          |    45 |    69 ||   114
         Punch             |     1 |     1 ||     2
  Throw: Dart              |     4 |       ||     4
   Cast: Sting             |     2 |       ||     2
         Magic Dart        |     1 |    13 ||    14
         Poisonous Vapours |     4 |     9 ||    13
         Mephitic Cloud    |     1 |       ||     1
    Use: Scroll            |     5 |     3 ||     8
         Potion            |       |     2 ||     2
   Stab: Sleeping          |     4 |     1 ||     5
         Distracted        |     1 |       ||     1
 Armour: Skin              |     5 |    34 ||    39
  Dodge: Dodged            |    43 |    32 ||    75

Table legend: (Time is in decaauts)
 A = Elapsed time spent in this place.
 B = Non-inter-level travel time spent in this place.
 C = Inter-level travel time spent in this place.
 D = Time resting spent in this place.
 E = Time spent auto-exploring this place.
 F = Levels seen in this place.
 G = Mean time per level.
                   A        B        C        D        E       F      G
               +--------+--------+--------+--------+--------+-----+--------+
         Total |   2642 |   2609 |     33 |    436 |   1702 |   3 |  880.7 |
       Dungeon |   2642 |   2609 |     33 |    436 |   1702 |   3 |  880.7 |
               +--------+--------+--------+--------+--------+-----+--------+

Top non-repeatable levels by time:
     D:2: 1064 daAuts
     D:1: 879 daAuts
     D:3: 699 daAuts
